AoeStats
← polom.s1989

Oasis

509099452Analyzed
4v4 RM · 8d ago on Sep 25, 2026· 48m 44s· 8 players
Game mode
Random Map
Map size
Large (8 player)
Population
200
Speed
Normal
Resources
Standard
Victory
Conquest
Starting age
Dark Age
Ending age
Imperial Age
RankedLock teamsTeams togetherTeam positionsShared explorationLock speedFull tech treeHidden civsTurbo modeCheats
Victory
Defeat
🇧🇷 Huns · Brazil
1509
+14
🇨🇿 Burmese · Czechia
1474
+15
🇩🇪 Cumans · Germany
1461
+16
🇪🇸 Danes · Spain
1367
+18
🇩🇪 Ethiopians · Germany
1509
-18
🇨🇳 Persians · China
1438
-15
🇯🇵 Mongols · Japan
1434
-15
🇺🇸 Saxons · United States
1421
-15
MacBookUser
8:19 Loom
10:42 Feudal Age
10:45 Man-at-Arms
11:32 Double-Bit Axe
14:25 Fletching
16:12 Padded Archer Armor
16:57 Horse Collar
24:24 Castle Age
25:39 Wheelbarrow
25:09 Heavy Plow
25:21 Bow Saw
29:33 Squires
29:20 Arson
29:37 Scale Mail Armor
29:47 Forging
30:42 Chain Mail Armor
30:14 Gambesons
31:55 Forging
32:15 Gold Mining
32:16 Stone Mining
32:58 Long Swordsman
36:45 Iron Casting
37:55 Hand Cart
40:43 Imperial Age
40:44 Elite Varangian Guard
41:59 Plate Mail Armor
41:31 Pikeman
42:10 Capped Ram
42:20 Halberdier
44:00 Conscription
43:05 Shield Wall
43:49 Siege Ram
45:29 Conscription
48:23 Two-Man Saw
47:56 Crop Rotation
47:52 Bodkin Arrow
ふぁいやー
5:15 Loom
8:41 Feudal Age
9:56 Double-Bit Axe
13:17 Horse Collar
19:41 Castle Age
19:35 Bloodlines
22:46 Wheelbarrow
22:22 Bow Saw
23:16 Husbandry
27:43 Fletching
28:40 Scale Barding Armor
31:07 Imperial Age
29:16 Padded Archer Armor
29:48 Bodkin Arrow
31:01 Thumb Ring
32:07 Fortified Wall
33:20 Hoardings
33:38 Careening
35:01 Bracer
35:12 Masonry
35:23 Ballistics
36:18 Elite Mangudai
37:19 Conscription
39:04 Caravan
38:46 Elite Mangudai
39:49 Conscription
43:03 Chemistry
44:40 Parthian Tactics
43:38 Elite Steppe Lancer
48:26 Drill
48:23 Leather Archer Armor
48:13 Scale Barding Armor
48:19 Forging
47:31 Light Cavalry
Chris Becker
6:31 Loom
9:47 Feudal Age
12:58 Fletching
23:12 Castle Age
21:39 Double-Bit Axe
22:27 Padded Archer Armor
22:11 Horse Collar
22:33 Gold Mining
24:01 Bodkin Arrow
23:29 Crossbowman
25:36 Bow Saw
26:25 Wheelbarrow
28:45 Scale Barding Armor
28:51 Forging
29:20 Husbandry
xxx.
8:40 Loom
11:15 Feudal Age
12:08 Double-Bit Axe
15:23 Castle Age
13:21 Horse Collar
17:16 Bow Saw
23:10 Heavy Plow
23:09 Gold Mining
24:18 Wheelbarrow
28:44 Imperial Age
26:20 Town Watch
26:34 Stone Mining
27:26 Hand Cart
28:30 Forging
28:25 Scale Barding Armor
28:30 Forging
28:25 Scale Barding Armor
28:30 Forging
28:26 Scale Barding Armor
28:31 Forging
28:26 Scale Barding Armor
28:31 Forging
28:26 Scale Barding Armor
30:03 Iron Casting
30:29 Chain Barding Armor
29:53 Cavalier
30:45 Bloodlines
30:43 Husbandry
31:17 Savar
32:42 Coinage
32:47 Crop Rotation
33:19 Two-Man Saw
32:59 Gold Shaft Mining
33:10 Conscription
33:58 Chemistry
34:25 Banking
34:07 Guilds
35:57 Ballistics
36:33 Capped Ram
39:16 Plate Barding Armor
39:42 Blast Furnace
38:24 Siege Ram
41:43 Scale Mail Armor
41:34 Fletching
43:48 Chain Mail Armor
42:56 Pikeman
43:36 Squires
43:56 Halberdier
46:00 Plate Mail Armor
47:13 Arson
47:39 Kamandaran
47:39 Bodkin Arrow
47:44 Padded Archer Armor
esoneplus
5:16 Loom
12:52 Feudal Age
13:18 Man-at-Arms
16:07 Double-Bit Axe
16:56 Fletching
17:11 Padded Archer Armor
19:47 Horse Collar
23:34 Castle Age
27:44 Wheelbarrow
26:58 Town Watch
26:39 Pikeman
29:15 Bow Saw
29:11 Heavy Plow
34:31 Imperial Age
32:19 Gold Mining
32:19 Stone Mining
32:05 Hamask
34:08 Hand Cart
36:44 Halberdier
42:27 Gambesons
42:43 Squires
44:05 Gold Shaft Mining
44:05 Stone Shaft Mining
45:00 Forging
44:51 Scale Mail Armor
47:15 Arson
48:13 Chain Mail Armor
48:34 Iron Casting
48:05 Scale Barding Armor
polom.s1989
0:27 Loom
4:40 Loom
10:40 Feudal Age
13:00 Horse Collar
24:13 Castle Age
22:56 Gold Mining
23:24 Stone Mining
25:23 Heavy Plow
26:54 Wheelbarrow
28:44 Hand Cart
32:27 Gold Shaft Mining
32:55 Fletching
33:06 Padded Archer Armor
33:39 Bodkin Arrow
39:56 Imperial Age
39:49 Manipur Cavalry
40:08 Elite Arambai
41:10 Conscription
41:08 Manipur Cavalry
41:29 Bloodlines
40:40 Light Cavalry
41:23 Bracer
41:29 Scale Barding Armor
42:48 Town Watch
42:41 Hussar
44:51 Chain Barding Armor
44:42 Forging
48:05 Plate Barding Armor
48:05 Iron Casting
49:08 Husbandry
Sergeantmilan97
9:41 Feudal Age
10:28 Double-Bit Axe
15:52 Horse Collar
20:16 Castle Age
20:11 Scale Barding Armor
20:34 Forging
20:59 Bloodlines
21:56 Bow Saw
21:48 Heavy Plow
23:16 Gold Mining
24:08 Wheelbarrow
23:18 Loom
26:20 Chain Barding Armor
26:36 Iron Casting
26:58 Hand Cart
28:25 Stone Mining
28:27 Town Watch
29:23 Gold Shaft Mining
32:41 Imperial Age
32:54 Elite Steppe Lancer
34:15 Plate Barding Armor
34:40 Blast Furnace
34:47 Two-Man Saw
34:49 Crop Rotation
39:07 Steppe Husbandry
39:28 Conscription
BruToO
9:31 Feudal Age
10:03 Double-Bit Axe
13:12 Horse Collar
15:01 Bloodlines
17:07 Gold Mining
20:34 Castle Age
19:16 Scale Barding Armor
23:12 Wheelbarrow
22:56 Bow Saw
22:47 Heavy Plow
23:57 Loom
25:11 Husbandry
24:33 Light Cavalry
25:26 Scale Barding Armor
25:46 Forging
31:08 Imperial Age
29:39 Chain Barding Armor
31:19 Iron Casting
32:07 Hand Cart
31:15 Cavalier
32:49 Plate Barding Armor
33:38 Blast Furnace
34:16 Two-Man Saw
34:10 Paladin
36:11 Caravan
39:12 Hussar
41:01 Fletching
42:59 Bodkin Arrow
43:22 Masonry
43:33 Ballistics
43:47 Padded Archer Armor
44:03 Bracer
45:35 Gold Shaft Mining
44:52 Stone Mining
45:33 Leather Archer Armor
45:45 Parthian Tactics
45:27 Thumb Ring
46:49 Chemistry
45:35 Heavy Cavalry Archer
47:30 Conscription
47:34 Atheism
47:52 Capped Ram
Connection lost

Rejoining the realm…

Still unreachable

The connection could not be restored.

Session expired

The server has moved on; the page needs a fresh start.